 Dungeon Crawl Stone Soup version 0.25-a0-156-g0c4bda3fdf (webtiles) character file.

Game seed: 17751083181570643847, levelgen mode: deterministic

28123 kayak the Cleaver (level 13, 0/106 HPs)
             Began as a Formicid Fighter on Nov 20, 2019.
             Was a High Priest of Makhleb.
             Slain by Jorgrun
             ... wielding a +0 quarterstaff of crushing
              (3 damage)
             ... on level 13 of the Dungeon.
             The game lasted 00:39:27 (15285 turns).

kayak the Cleaver (Formicid Fighter)               Turns: 15285, Time: 00:39:28

Health: 0/106      AC: 17    Str: 26    XL:     13   Next: 71%
Magic:  26/26      EV:  7    Int:  8    God:    Makhleb [*****.]
Gold:   1452       SH: 12    Dex: 12    Spells: 12/12 levels left

rFire    . . .     SeeInvis +   a - +1 war axe
rCold    + + .     Gourm    .   c - +0 shield
rNeg     . . .     Faith    .   K - +0 ice dragon scales
rPois    .         Spirit   .   (helmet unavailable)
rElec    .         Reflect  .   Q - +0 cloak
rCorr    .         Harm     .   q - +0 pair of gloves
MR       +....                  n - +0 pair of boots
Stlth    ..........             (no amulet)
HPRegen  0.27/turn              N - ring of wizardry
MPRegen  0.20/turn              P - ring of magical power

@: grasped by roots, constricted, studying Throwing
A: permanent stasis, dig shafts and tunnels, four strong arms, antennae 3, thin
skeletal structure 1, fire resistance 1
a: Dig, Shaft Self, Minor Destruction, Lesser Servant of Makhleb, Major
Destruction, Greater Servant of Makhleb, Renounce Religion


You were on level 13 of the Dungeon.
You worshipped Makhleb.
Makhleb was extremely pleased with you.
You were not hungry.

You visited 1 branch of the dungeon, and saw 13 of its levels.
You also visited: Bailey and Ice Cave.

You collected 1452 gold pieces.

Inventory:

Hand Weapons
 a - a +1 war axe (weapon)
 e - a +2 antimagic hand axe
 O - the +10 hand axe "Gicem" {antimagic, Int+4}
   (You took it off an orc wizard on level 9 of the Dungeon)

   It reduces the magical energy of the wielder, and disrupts the spells and
   magical abilities of those hit.
   Natural abilities and divine invocations are not affected.
   It affects your intelligence (+4).
 S - a +2 scimitar of flaming
 T - the +11 halberd of Muhuocom {chop, rPois rF+}
   (You found it in an ice cave)

   It inflicts extra damage upon your enemies.
   It protects you from fire.
   It protects you from poison.
Missiles
 s - 2 atropa-tipped darts
 x - 74 poisoned darts
 A - 29 boomerangs
 H - 5 javelins (quivered)
 M - 4 throwing nets
Armour
 b - a +2 leather armour of cold resistance
 c - a +0 shield (worn)
 g - a +0 chain mail
 n - a +0 pair of boots (worn)
 q - a +0 pair of gloves (worn)
 w - a +0 scale mail of fire resistance
 E - a +0 plate armour
 F - a +0 cloak
 K - +0 ice dragon scales (worn)
 Q - a +0 cloak (worn)
Jewellery
 N - a ring of wizardry (left hand)
 P - a ring of magical power (right hand)
Wands
 m - a wand of paralysis (12)
 r - a wand of polymorph (10)
 D - a wand of flame (64)
 G - a wand of enslavement (6)
 L - a wand of iceblast (19)
 U - a wand of scattershot (7)
Scrolls
 d - 6 scrolls of remove curse
 h - 7 scrolls of enchant weapon
 k - a scroll of amnesia
 y - a scroll of fear {unknown}
 z - a scroll of torment {unknown}
 B - 2 scrolls of fog {unknown}
 J - 2 scrolls of enchant armour {unknown}
 X - 3 scrolls of identify
 Y - a scroll of immolation
Potions
 i - 2 potions of lignification
 j - a potion of haste {unknown}
 l - a potion of curing
 t - 3 potions of ambrosia
 u - 4 potions of magic
 v - a potion of might
 C - 3 potions of mutation
 I - a potion of invisibility {unknown}
 R - 2 potions of brilliance
Books
 V - a manual of Throwing
Comestibles
 f - 24 rations


   Skills:
 + Level 11.3 Fighting
 + Level 13.8 Axes
 + Level 10.3 Throwing
 + Level 10.1 Armour
 - Level 0.1 Dodging
 - Level 9.1 Shields
 - Level 6.0 Invocations


You had 12 spell levels left.
You didn't know any spells.
Your spell library contained the following spells:

 Spells                   Type           Power        Failure   Level  Hunger
 Freeze                   Ice            #...         36%         1    ##.....
 Throw Frost              Conj/Ice       #.....       50%         2    ###....
 Ozocubu's Armour         Chrm/Ice       #.......     71%         3    ####...
 Summon Ice Beast         Ice/Summ       #.......     98%         4    #####..
 Throw Icicle             Conj/Ice       #.......     98%         4    #####..


Dungeon Overview and Level Annotations

Branches:
Dungeon (13/15)            Temple (0/1) D:5            Lair (0/6) D:10
    Orc (0/2) D:9          Vaults (0/5) D:13         Bailey (visited)
  IceCv (visited)

Altars:
Ashenzari
Cheibriados
Elyvilon
Kikubaaqudgha
Makhleb
Nemelex Xobeh
Okawaru
Qazlal
Ru
Vehumet
Wu Jian
Xom
Yredelemnul
Beogh

Shops:
D:7 %   D:9 }   D:13 [

Annotations:
D:2 exclusion: downstairs
D:3 1 runed translucent door, exclusion: downstairs, Crazy Yiuf
D:4 Dowan
D:6 exclusion: downstairs
D:8 3 runed translucent doors, bmj180's ghost, novice HOFi
D:12 exclusion: downstairs
D:13 Jorgrun


Innate Abilities, Weirdness & Mutations

You cannot be hasted, slowed, berserked, paralysed or teleported.
You can dig through walls and to a lower floor.
Your four strong arms can wield two-handed weapons with a shield.
You have a pair of large antennae on your head. (SInv)
You have a somewhat thin skeletal structure. (Dex +2, Stealth)
Your flesh is heat resistant. (rF+)


Message History

* * * LOW HITPOINT WARNING * * *
The grasping roots constrict you! The centaur hits you.
* * * LOW HITPOINT WARNING * * *
You block the centaur's attack.
Okay, then.
Okay, then.
You barely miss the centaur.
The centaur is almost dead.
You slash the centaur!
You kill the centaur!
Makhleb accepts your kill.
You feel better.
You closely miss Jorgrun.
Unknown command.
You slash the centaur!
You kill the centaur!
Makhleb accepts your kill.
You feel better.
You hit Jorgrun but do no damage.
Jorgrun hits you with a +0 quarterstaff of crushing!
* * * LOW HITPOINT WARNING * * *
You die...

#.........#
*,,,,,,,,
#.........#
*,,,***,,
#(........# *,,,*
*,, #((.......#
*,,,* *,,
#..<......# *,,,*
*,,
#(.(......##*,,,*
*,,
#..(........,,,,*
*,,
#%.)(3......,,,,*
*,,
#..)@)......,,,,*
*,,
#..cg.....##**,,*
*,, #.........#
*,,* *,,
#.........# *,,*
*,, #.........#
*,,* *,,
#.........# *,,*
*,, ########..#
*,,* *,, *..#
*,,***,, *,,*
*,,,,,,,


You could see Jorgrun, a centaur and a friendly ynoxinul.

Vanquished Creatures
  Rupert (D:12)
  Gastronok (D:11)
  A frost giant (IceCv)
  Harold (D:10)
  2 dancing weapons (D:13)
  Erica (D:11)
  A death yak (IceCv)
  An orc high priest (D:12)
  An orc knight (Bailey)
  Pikel (D:7)
  A deep elf mage (D:12)
  A cyclops (D:12)
  An orc sorcerer (D:12)
  Psyche (D:10)
  An ice statue (IceCv)
  13 polar bears (IceCv)
  A hornet (D:9)
  2 hippogriffs (D:12)
  A spriggan (shapeshifter) (D:13)
  A vampire (D:12)
  A shadow (D:11)
  A wraith (D:12)
  Sigmund (D:3)
  24 yaks
  Eustachio (D:4)
  A basilisk (D:12)
  2 humans
  A hungry ghost (D:11)
  Menkaure (D:7)
  A soldier ant (D:11)
  2 water moccasins
  Duvessa (D:4)
  9 orc warriors
  2 sky beasts
  10 ice beasts
  2 phantoms
  2 slaves (D:7)
  2 necrophages (D:10)
  6 ogres
  10 wolves (IceCv)
  11 centaurs
  A big kobold (D:11)
  3 bullfrogs
  A water moccasin zombie (D:6)
  A scorpion (D:5)
  3 killer bees (D:10)
  11 wights
  2 howler monkeys (D:9)
  3 centaur zombies
  A quasit (D:9)
  3 crimson imps
  4 hounds
  3 bullfrog skeletons
  4 centaur skeletons
  9 orc priests
  A jelly (D:12)
  11 orc wizards
  Natasha (D:4)
  Terence (D:3)
  3 iguanas
  12 worker ants
  A killer bee zombie (D:7)
  A hound skeleton (D:5)
  11 gnolls
  A howler monkey skeleton (D:5)
  12 adders
  4 shadow imps
  2 oozes
  3 worms
  10 leopard geckos
  64 orcs
  7 bats
  7 giant cockroaches
  8 goblins
  7 hobgoblins
  14 jackals
  23 kobolds
  8 quokkas
  3 frilled lizards
  A quokka zombie (D:10)
  7 rats
397 creatures vanquished.

Vanquished Creatures (collateral kills)
  A rime drake (IceCv)
  A polar bear (IceCv)
2 creatures vanquished.

Vanquished Creatures (others)
  A polar bear (IceCv)
  A yak (IceCv)
  4 wolves (IceCv)
6 creatures vanquished.

Grand Total: 405 creatures vanquished

Notes
Turn   | Place    | Note
-------+----------+-------------------------------------------
     0 | D:1      | kayak the Formicid Fighter began the quest for the Orb.
     0 | D:1      | Reached XP level 1. HP: 18/18 MP: 1/1
   137 | D:1      | Reached XP level 2. HP: 24/24 MP: 2/2
   244 | D:1      | Reached XP level 3. HP: 30/30 MP: 3/3
  1024 | D:2      | Reached XP level 4. HP: 23/37 MP: 4/4
  1690 | D:3      | Noticed Sigmund
  1852 | D:3      | Reached skill level 3 in Axes
  2043 | D:3      | Reached XP level 5. HP: 36/42 MP: 5/5
  2229 | D:3      | Found a runed translucent door.
  2230 | D:3      | Noticed Crazy Yiuf
  2274 | D:3      | Noticed Terence
  2296 | D:3      | Killed Terence
  2296 | D:3      | Reached skill level 5 in Shields
  2296 | D:3      | Reached XP level 6. HP: 45/48 MP: 6/6
  2647 | D:3      | Reached skill level 4 in Axes
  2716 | D:3      | Found a burning altar of Makhleb.
  2759 | D:3      | Became a worshipper of Makhleb the Destroyer
  2801 | D:3      | Killed Sigmund
  2801 | D:3      | Reached XP level 7. HP: 49/55 MP: 7/7
  3003 | D:4      | Noticed Eustachio
  3067 | D:4      | Killed Eustachio
  3067 | D:4      | Reached skill level 5 in Axes
  3185 | D:4      | Found a white marble altar of Elyvilon.
  3521 | D:4      | Found a basalt altar of Yredelemnul.
  3550 | D:4      | Noticed Dowan
  3681 | D:4      | Noticed Duvessa
  3687 | D:4      | Killed Duvessa
  3687 | D:4      | Reached skill level 6 in Axes
  3687 | D:4      | Reached XP level 8. HP: 60/61 MP: 8/8
  3786 | D:4      | Noticed Natasha
  3794 | D:4      | Killed Natasha
  3804 | D:4      | Reached skill level 1 in Throwing
  3835 | D:4      | Reached skill level 5 in Fighting
  3866 | D:4      | HP: 3/62 [poisoned by a water moccasin]
  3873 | D:4      | HP: 3/62 [poisoned by a water moccasin]
  3881 | D:4      | HP: 2/62 [poisoned by a water moccasin]
  4286 | D:4      | Found a sacrificial altar of Ru.
  4293 | D:4      | Found an ornate altar of the Wu Jian Council.
  4300 | D:4      | Found an ancient bone altar of Kikubaaqudgha.
  4307 | D:4      | Found a radiant altar of Vehumet.
  4314 | D:4      | Found an iron altar of Okawaru.
  4321 | D:4      | Found a shattered altar of Ashenzari.
  4331 | D:4      | Found a sparkling altar of Nemelex Xobeh.
  4474 | D:5      | Entered Level 5 of the Dungeon
  5080 | D:5      | Reached skill level 5 in Armour
  5165 | D:5      | Reached skill level 7 in Axes
  5385 | D:5      | Reached * piety under Makhleb
  5514 | D:5      | Found a staircase to the Ecumenical Temple.
  5550 | D:5      | Reached XP level 9. HP: 55/68 MP: 9/9
  5943 | D:5      | Reached skill level 8 in Axes
  6379 | D:6      | Found a stormy altar of Qazlal.
  6656 | D:6      | Found an ancient bone altar of Kikubaaqudgha.
  6728 | D:6      | Found a snail-covered altar of Cheibriados.
  6928 | D:7      | Reached ** piety under Makhleb
  7163 | D:7      | Found Otinun's Food Boutique.
  7240 | D:7      | HP: 2/69 [orc warrior/+0 dire flail (8)]
  7985 | D:7      | Noticed Menkaure
  7986 | D:7      | Noticed Pikel
  7994 | D:7      | Killed Menkaure
  7996 | D:7      | Killed Pikel
  8234 | D:8      | Found a runed translucent gate.
  8234 | D:8      | Found a runed translucent gate.
  8234 | D:8      | Found a runed translucent gate.
  8236 | D:8      | Noticed bmj180's ghost (novice HOFi)
  8792 | D:8      | Reached skill level 9 in Axes
  8902 | D:9      | Found a flagged portal.
  9049 | D:8      | Reached XP level 10. HP: 75/76 MP: 10/10
  9113 | D:9      | Reached *** piety under Makhleb
  9439 | Bailey   | Entered a bailey
  9687 | Bailey   | Noticed an orc knight
  9739 | Bailey   | Killed an orc knight
 10204 | Bailey   | Found a bloodstained altar of Trog.
 10279 | D:9      | Reached skill level 5 in Invocations
 10426 | D:9      | Reached skill level 10 in Axes
 10559 | D:9      | Identified the +10 hand axe "Gicem" {antimagic, Int+4}
 10621 | D:9      | Found a shimmering altar of Xom.
 10760 | D:9      | Found a staircase to the Orcish Mines.
 10865 | D:9      | Found Plog's Gadget Shop.
 11040 | D:10     | Entered Level 10 of the Dungeon
 11059 | D:10     | Reached **** piety under Makhleb
 11059 | D:10     | Reached XP level 11. HP: 84/84 MP: 5/15
 11249 | D:10     | Noticed Harold
 11271 | D:10     | Killed Harold
 11271 | D:10     | Reached skill level 11 in Axes
 11326 | D:10     | Noticed Psyche
 11346 | D:10     | Killed Psyche
 11802 | D:10     | Found a staircase to the Lair.
 12189 | D:11     | Noticed Erica
 12205 | D:11     | Killed Erica
 12226 | D:11     | Found a frozen archway.
 12253 | IceCv    | Entered an ice cave
 12300 | IceCv    | Reached skill level 12 in Axes
 12643 | IceCv    | Reached XP level 12. HP: 63/94 MP: 8/16
 13217 | IceCv    | Reached ***** piety under Makhleb
 13293 | IceCv    | Noticed a death yak
 13317 | IceCv    | Killed a death yak
 13317 | IceCv    | Reached skill level 5 in Throwing
 13520 | IceCv    | Gained mutation: You expend magic power (3 MP) to
                  | strengthen your wands. [potion of mutation]
 13520 | IceCv    | Gained mutation: You have a somewhat thin skeletal
                  | structure. (Dex +2, Stealth) [potion of mutation]
 13520 | IceCv    | Lost mutation: You expend magic power (3 MP) to strengthen
                  | your wands. [potion of mutation]
 13520 | IceCv    | Gained mutation: Your flesh is heat resistant. (rF+)
                  | [potion of mutation]
 13554 | IceCv    | Noticed a frost giant
 13589 | IceCv    | Killed a frost giant
 13596 | IceCv    | Reached skill level 13 in Axes
 13944 | IceCv    | Got an ichor-stained halberd
 13945 | IceCv    | Identified the +11 halberd of Muhuocom {chop, rPois rF+}
                  | (You found it in an ice cave)
 14020 | D:11     | Noticed Gastronok
 14031 | D:11     | Killed Gastronok
 14093 | D:11     | Reached XP level 13. HP: 102/102 MP: 17/17
 14426 | D:12     | Reached skill level 10 in Fighting
 14494 | D:12     | Noticed Rupert
 14517 | D:12     | Killed Rupert
 14517 | D:12     | Reached skill level 10 in Throwing
 14707 | D:12     | Found a runed translucent door.
 15066 | D:12     | Found a roughly hewn altar of Beogh.
 15155 | D:13     | Found a gate to the Vaults.
 15159 | D:13     | Reached skill level 10 in Armour
 15263 | D:13     | Found Uturiedgh's Antique Armour Boutique.
 15275 | D:13     | Noticed Jorgrun
 15283 | D:13     | HP: 3/106 [centaur (5)]
 15285 | D:13     | Slain by Jorgrun

Levels and vault maps discovered:
D:1:      dpeg_arrival_rhombi, layout_loops_ring, minmay_domino_4
D:2:      layout_basic
D:3:      layout_basic, overflow_temple_1_default, uniq_terence, uniq_sigmund,
          uniq_crazy_yiuf_cottage
D:4:      layout_basic, kennysheep_ying_yang, grunt_temple_overflow_octagram,
          first_ration, gup_sewer_entry_glass, uniq_natasha, uniq_eustachio,
          uniq_duvessa
D:5:      minmay_polygon_palace, layout_basic, minmay_temple_entry_mist
D:6:      layout_loops_ring, nicolae_qazlal_general_emergency, basic_altar,
          cheibrodos_worm_habitat
D:7:      layout_gridville, serial_shops, nicolae_shop_window_shopping,
          uniq_pikel, uniq_menkaure
D:8:      layout_basic, gammafunk_ghost_spectres
D:9:      layout_gridville, lemuel_crystal_altar, erik_orc_4, serial_shops,
          shop, enter_bailey_2
D:10:     layout_roguey, lair_entry_dummy, uniq_harold, uniq_psyche
D:11:     layout_rooms, portal_ice_cave_entry_ice_beasts, grunt_pizzeria,
          uniq_erica, uniq_gastronok
D:12:     layout_basic, lightli_church_of_beogh, uniq_rupert
D:13:     minmay_the_grid_4x2 [minmay_the_grid_stretched_grid,
          minmay_the_grid_broken_lines, minmay_the_grid_tri_star,
          minmay_the_grid_slots, minmay_the_grid_dragon_a,
          minmay_the_grid_doors, minmay_the_grid_rooms,
          minmay_the_grid_prize_diamond_cup], layout_long_grid, erik_vaults_1,
          gauntlet_entry_generic, serial_glass, glass_columns_a,
          glass_columns_a, serial_shops, nicolae_shop_waterfront,
          lightli_corner_chamber, uniq_sonja, uniq_jorgrun

Skill      XL: |  1  2  3  4  5  6  7  8  9 10 11 12 13 |
---------------+----------------------------------------+-----
Shields        | 4 5 6 7 8 9 |  9.1
Axes           | 3 4 6 7 9 10 12 13 | 13.8
Fighting       | 4 5 6 7 8 9 11 | 11.3
Armour         | 4 5 6 8 9 10 | 10.1
Throwing       | 1 2 9 10 | 10.3
Invocations    | 5 6 |  6.0
Dodging        | |  0.1

Action                   |  1- 3 |  4- 6 |  7- 9 | 10-12 | 13-15 || total
-------------------------+-------+-------+-------+-------+-------++-------
Melee: War axe           |    87 |   157 |   426 |   254 |    14 ||   938
       Hand axe          |       |       |       |   418 |       ||   418
       Halberd           |       |       |       |    13 |   155 ||   168
Throw: Throwing net      |       |     1 |     1 |       |       ||     2
       Dart              |       |       |    30 |   117 |       ||   147
       Boomerang         |       |       |     2 |       |       ||     2
       Javelin           |       |       |       |     6 |       ||     6
Invok: Lesser Servant of |       |       |       |     3 |     1 ||     4
Evoke: Wand              |       |       |       |     3 |       ||     3
  Use: Potion            |       |     1 |     3 |     9 |     4 ||    17
       Scroll            |       |       |    14 |     2 |     3 ||    19
 Stab: Distracted        |       |       |       |     1 |       ||     1
  Eat: Chunk             |       |     6 |    17 |    13 |     5 ||    41
       Ration            |       |       |     1 |     1 |       ||     2
Armor: Scale mail        |    37 |    62 |    80 |       |       ||   179
       Chain mail        |       |       |   125 |   217 |       ||   342
       Plate armour      |       |       |       |    61 |       ||    61
       Ice dragon scales |       |       |       |    92 |    57 ||   149
Dodge: Dodged            |    27 |    44 |   139 |   211 |    48 ||   469
Block: Shield            |    49 |    87 |   287 |   398 |    83 ||   904

Table legend:
 A = Non-vault XP
 B = Vault XP
 C = Vault XP percentage of total XP
 D = Non-vault monster count
 E = Vault monster count
 F = Vault count percentage of total count
                 A         B        C        D         E       F
            +---------+---------+-------+---------+---------+-------
      Total |   13831 |   26345 |  65.6 |     269 |     129 |  32.4
            +---------+---------+-------+---------+---------+-------
        D:1 |      35 |       4 |  10.3 |      18 |       2 |  10.0
        D:2 |      43 |       0 |   0.0 |      17 |       0 |   0.0
        D:3 |     268 |     248 |  48.1 |      35 |       2 |   5.4
        D:4 |     451 |     417 |  48.0 |      10 |       7 |  41.2
        D:5 |     548 |     427 |  43.8 |      22 |      13 |  37.1
        D:6 |     255 |       5 |   1.9 |      12 |       1 |   7.7
        D:7 |     579 |     495 |  46.1 |      24 |       2 |   7.7
        D:8 |     285 |       0 |   0.0 |      10 |       0 |   0.0
        D:9 |    1962 |     635 |  24.5 |      26 |      16 |  38.1
       D:10 |    1687 |    1455 |  46.3 |      29 |       2 |   6.5
       D:11 |    2247 |    4371 |  66.0 |      19 |      11 |  36.7
       D:12 |    4109 |    4556 |  52.6 |      36 |      11 |  23.4
       D:13 |    1362 |    1808 |  57.0 |      11 |       2 |  15.4
     Bailey |       0 |     942 | 100.0 |       0 |      16 | 100.0
      IceCv |       0 |   10982 | 100.0 |       0 |      44 | 100.0
            +---------+---------+-------+---------+---------+-------
